 Dungeon Crawl Stone Soup version 0.28-a0-1493-g08698888e4 (webtiles) character file.

Game seed: 14273541040133339890

99372 dolemite99 the Warrior (level 15, -2/152 HPs)
             Began as a Minotaur Monk on Jan 13, 2022.
             Was a High Priest of the Shining One.
             Slain by a large abomination (16 damage)
             ... on level 3 of the Abyss.
             The game lasted 01:00:04 (43216 turns).

dolemite99 the Warrior (Minotaur Monk)             Turns: 43216, Time: 01:00:05

Health: -2/152     AC: 28    Str: 22    XL:     15   Next: 77%
Magic:  14/19      EV:  8    Int:  7    God:    the Shining One [*****.]
Gold:   474        SH:  0    Dex: 14    Spells: 14/14 levels left

rFire   x . .      SeeInvis .   a - +0 broad axe
rCold   + . .      Faith    +   (no shield)
rNeg    + + .      Spirit   .   o - +0 plate armour
rPois   .          Reflect  .   c - +2 hat
rElec   .          Harm     .   y - +0 cloak
rCorr   .          Rampage  .   H - +2 pair of gloves
Will    +....      Clarity  +   N - +2 pair of boots
Stlth   ..........              d - amulet of faith
HPRegen 0.00/turn               z - +4 ring of protection {=R}
MPRegen 0.16/turn               f - ring of ice

@: lethally poisoned (-2 -> -17), sick, glowing
A: horns 2, retaliatory headbutt, clarity
a: Renounce Religion, Divine Shield, Cleansing Flame, Summon Divine Warrior


You were on level 3 of the Abyss.
You worshipped the Shining One.
The Shining One was extremely pleased with you.
You visited 3 branches of the dungeon, and saw 22 of its levels.
You visited the Abyss 1 time.
You also visited: Ice Cave.

You collected 2432 gold pieces.
You spent 1958 gold pieces at shops.

Inventory:

Hand Weapons
 a - a +0 broad axe (weapon)
 b - a +0 hand crossbow of freezing
 k - a +4 great mace of holy wrath
 v - a +0 morningstar of protection
 J - a +0 arbalest of flaming
 Z - a +2 vorpal hand axe
Missiles
 g - 83 poisoned darts
 u - 30 boomerangs (quivered)
 x - 25 bolts
 C - 66 sling bullets
 E - a throwing net
Armour
 c - a +2 hat (worn)
 o - a +0 plate armour (worn)
 y - a +0 cloak (worn)
 H - a +2 pair of gloves (worn)
 N - a +2 pair of boots (worn)
Magical Staves
 n - a staff of air
Jewellery
 d - an amulet of faith (around neck)
 f - a ring of ice (right hand)
 w - a ring of willpower
 z - a +4 ring of protection (left hand) {=R}
 D - an amulet of guardian spirit
 O - a ring of wizardry
 T - a ring of protection from fire
Wands
 j - a wand of charming (6)
 m - a wand of polymorph (5)
 s - a wand of flame (37)
 L - a wand of paralysis (1)
 S - a wand of digging (2)
 X - a wand of mindburst (10)
Scrolls
 e - a scroll of enchant weapon
 i - a scroll of fog
 l - 5 scrolls of teleportation
 p - 16 scrolls of identify {@r1}
 F - 4 scrolls of silence
 K - a scroll of enchant armour
 P - a scroll of holy word
 R - a scroll of blinking
 Y - 2 scrolls of magic mapping
Potions
 h - 2 potions of lignification
 q - 3 potions of brilliance
 r - a potion of flight
 t - a potion of berserk rage
 A - 2 potions of magic
 G - 4 potions of ambrosia
 I - a potion of cancellation
 M - 2 potions of attraction
 Q - a potion of resistance
 V - 3 potions of curing
 W - a potion of heal wounds
Miscellaneous
 B - a box of beasts (inert)
 U - a piece from Xom's chessboard (15/15)


   Skills:
 - Level 19.3 Fighting
 - Level 16.7(17.0) Axes
 - Level 5.4(12.1) Maces & Flails
 - Level 11.6 Crossbows
 - Level 9.0 Armour
 - Level 3.2 Dodging
 - Level 1.5 Stealth
 + Level 7.5 Invocations
 - Level 11.0 Evocations


You had 14 spell levels left.
You didn't know any spells.
Your spell library contained the following spells:

 Spells                   Type           Power      Damage    Failure   Level
 Ensorcelled Hibernation  Hex/Ice        0%         N/A       100%        2
 Passwall                 Tmut/Erth      0%         N/A       100%        2
 Ozocubu's Armour         Ice            0%         N/A       100%        3
 Spider Form              Tmut/Pois      0%         N/A       100%        3
 Summon Guardian Golem    Hex/Summ       0%         N/A       100%        3
 Swiftness                Air            0%         N/A       100%        3
 Anguish                  Hex/Necr       0%         N/A       100%        4
 Animate Dead             Necr           0%         N/A       100%        4
 Fulminant Prism          Conj/Hex       0%         3d6       100%        4
 Iskenderun's Mystic Bla  Conj/Tloc      0%         2d3       100%        4
 Alistair's Intoxication  Tmut/Pois      0%         N/A       100%        5
 Borgnjor's Vile Clutch   Necr/Erth      0%         N/A       100%        5
 Lee's Rapid Deconstruct  Erth           0%         3d5*      100%        5
 Metabolic Englaciation   Hex/Ice        0%         N/A       100%        5
 Death Channel            Necr           0%         N/A       100%        6
 Dispersal                Tloc           0%         N/A       100%        6
 Simulacrum               Ice/Necr       0%         N/A       100%        6
 Haunt                    Necr/Summ      0%         N/A       100%        7
 Orb of Destruction       Conj           0%         N/A       100%        7
 Spellforged Servitor     Conj/Summ      0%         N/A       100%        7
 Disjunction              Tloc           0%         N/A       100%        8


Dungeon Overview and Level Annotations

Branches:
Dungeon (14/15)            Temple (0/1) D:5            Lair (6/6) D:8
  Snake (0/4) Lair:2       Spider (0/4) Lair:2        Slime (0/5) Lair:5
    Orc (2/2) D:9             Elf (0/3) Orc:2        Vaults (0/5) D:13
  IceCv (visited)

Altars:
Cheibriados
Kikubaaqudgha
Okawaru
Uskayaw
Wu Jian
Xom
Zin
The Shining One
Beogh

Shops:
D:6 *:   D:11 :(   Orc:2 *?*=

Portals:
Trove: D:14 (give +3 gold dragon scales)

Annotations:
Lair:6 2 runed translucent doors


Innate Abilities, Weirdness & Mutations

You have a pair of horns on your head.
You reflexively headbutt those who attack you in melee.
You possess an exceptional clarity of mind.


Message History

You hit the orange demon but do no damage.
The orange demon is lightly wounded.
You hit the large abomination but do no damage.
The orange demon stings you!
* * * LOW HITPOINT WARNING * * *
The orange demon hits you but does no damage.
You slash the orange demon!
The orange demon is moderately wounded.
You completely miss the large abomination.
The large abomination hits you!
* * * LOW HITPOINT WARNING * * *
Activating: Cleansing Flame (19% risk of failure)
Press: ? - help, Dir - look around, f - activate You fail to use your ability.
The orange demon stings you but does no damage.
The orange demon hits you but does no damage.
The large abomination hits you but does no damage.
Magic courses through your body. The orange demon stings you.
* * * LOW HITPOINT WARNING * * *
You are poisoned.
The orange demon poisons you!
The orange demon hits you but does no damage.
The large abomination hits you!
* * * LOW HITPOINT WARNING * * *
Activating: Cleansing Flame (19% risk of failure)
Press: ? - help, Dir - look around, f - activate The golden flame engulfs you but does no damage.
You resist.
The golden flame engulfs the orange demon!
The orange demon writhes in agony!
The orange demon is heavily wounded.
The golden flame engulfs the large abomination!
The large abomination writhes in agony!
The large abomination is moderately damaged.
* * * LOW HITPOINT WARNING * * *
You feel very sick.
You hear a bark! x2
The orange demon stings you but does no damage.
The orange demon barely misses you. The large abomination hits you!
You die...

.. #.# #.. 4
#.### #.. #
#. 4.# ##.
#..###..# ..#
.....# ###..
# .. ##4## #
#... #.
#@#.## . # .
..#
.###X#....#
#.# # ># ..
.... #..#. #
#....#..#X...
. .. ..
.#x##...#.###
# . ..#. #.#.
##.## . .# #
...# ..x.# #
. #. .#####.
..#...... .
...X###. ....
..##


You could see an orange demon, a large abomination and a chaos spawn.

Vanquished Creatures
  A lich (Abyss:3)
  A tentacled starspawn (Abyss:3)
  Nessos (Lair:5)
  9 hydras
  3 ogre magi (Orc:2)
  Erica (D:8)
  3 centaur warriors
  2 dancing weapons (D:13)
  21 two-headed ogres
  2 death yaks
  An orc high priest (Orc:1)
  A thrashing horror (Abyss:3)
  A soul eater (Abyss:3)
  2 lindwurms
  A deep elf archer (Orc:1)
  A spriggan simulacrum (IceCv)
  An orc knight (Orc:1)
  A deep elf pyromancer (Orc:1)
  A large abomination (Abyss:3)
  A wolf spider (D:14)
  3 ugly things (D:13)
  3 cyclopes
  22 elephants
  2 manticores (Lair:4)
  Maurice (D:10)
  2 molten gargoyles (Lair:6)
  4 black mambas
  A torpor snail (Lair:5)
  9 cane toads
  A smoke demon (Abyss:3)
  A hellion (Abyss:3)
  An unseen horror (D:12)
  13 komodo dragons
  A kobold demonologist (D:12)
  3 freezing wraiths
  6 rime drakes
  An efreet (D:14)
  3 trolls
  3 meliai (Lair:4)
  A queen bee (Lair:4)
  An ancient zyme (Abyss:3)
  2 hornets
  5 polar bears (Lair:1)
  3 slime creatures
  Prince Ribbit (D:5)
  18 blink frogs
  17 dream sheep
  A ynoxinul (Abyss:3)
  4 starcursed masses (Abyss:3)
  2 wraiths
  3 wyverns
  A vampire (D:12)
  A shadow (Abyss:3)
  5 basilisks
  19 yaks
  A neqoxec (Abyss:3)
  4 steam dragons
  Eustachio (D:4)
  5 vampire mosquitoes
  2 minotaur simulacra (IceCv)
  Menkaure (D:4)
  A chaos spawn (Abyss:3)
  5 wargs
  A naga (Lair:2)
  11 water moccasins
  2 acid dragons
  2 hell hounds (Lair:6)
  7 black bears
  An ice beast (D:5)
  13 orc warriors
  A sky beast (D:5)
  5 necrophages
  13 centaurs
  30 ogres
  16 wolves
  A phantom (D:6)
  2 kobold brigands
  15 bullfrogs
  A water moccasin zombie (D:5)
  A gnoll sergeant (D:9)
  2 scorpions
  38 killer bees
  14 wights
  An electric eel (D:6)
  5 lava snakes (Lair:6)
  5 howler monkeys
  5 centaur zombies
  A bullfrog zombie (D:5)
  5 jellies
  14 orc priests
  3 hounds
  Crazy Yiuf (D:4)
  2 bullfrog skeletons
  A centaur skeleton (D:7)
  4 iguanas
  2 small abominations (Abyss:3)
  24 orc wizards
  A scorpion zombie (D:5)
  2 killer bee zombies
  A hound skeleton (D:4)
  A howler monkey skeleton (D:7)
  8 adders
  A gnoll (Orc:1)
  A river rat (Lair:4)
  A shadow imp (D:6)
  2 white imps (D:6)
  2 worms (D:3)
  4 dart slugs
  49 orcs
  8 ball pythons
  A bat zombie (D:13)
  7 endoplasms
  2 giant cockroaches
  7 goblins
  7 hobgoblins
  5 jackals (D:4)
  12 kobolds
  3 quokkas
  3 bats
  2 frilled lizards
  9 rats
  2 rat zombies (D:13)
629 creatures vanquished.

Vanquished Creatures (collateral kills)
  Rupert (Lair:3)
  Gastronok (Lair:1)
  An orc warlord (Orc:1)
  4 hydras
  An ogre mage (Orc:2)
  Sonja (Lair:6)
  A spriggan simulacrum (IceCv)
  An orc sorcerer (Orc:1)
  9 elephants (Lair:6)
  3 cane toads (Lair:6)
  A molten gargoyle (Lair:6)
  A komodo dragon (Lair:6)
  An entropy weaver simulacrum (IceCv)
  An ice devil (IceCv)
  3 polar bears (Lair:1)
  4 blink frogs (Lair:6)
  A wyvern (D:9)
  7 yaks
  A steam dragon (Lair:6)
  An acid dragon (D:9)
  2 water moccasins (Lair:6)
  2 orc warriors (Orc:2)
  A black bear (Lair:1)
  An ogre (Orc:1)
  A kobold brigand (D:9)
  A bullfrog (Lair:1)
  A lindwurm simulacrum (IceCv)
  3 killer bees
  An orc priest (Orc:2)
  A gnoll shaman (D:9)
  4 orc wizards (Orc:2)
  3 orcs (Orc:2)
65 creatures vanquished.

Vanquished Creatures (others)
  A bush (Lair:4)
  33 fungi
  46 plants
  4 starspawn tentacles (Abyss:3)
84 creatures vanquished.

Grand Total: 778 creatures vanquished

Notes
Turn   | Place    | Note
-------+----------+-------------------------------------------
     0 | D:1      | dolemite99 the Minotaur Monk began the quest for the Orb.
     0 | D:1      | Reached XP level 1. HP: 19/19 MP: 0/0
   494 | D:1      | Reached XP level 2. HP: 26/26 MP: 1/1
   944 | D:1      | Found a faded altar of an unknown god.
   947 | D:1      | Prayed at the altar of an unknown god.
   947 | D:1      | Became a worshipper of the Shining One
   947 | D:1      | Reached * piety under the Shining One
   947 | D:1      | Reached ** piety under the Shining One
  1067 | D:1      | Reached skill level 1 in Armour
  1252 | D:1      | Reached XP level 3. HP: 33/33 MP: 2/2
  1496 | D:2      | Reached skill level 4 in Fighting
  1571 | D:2      | Reached *** piety under the Shining One
  1602 | D:2      | Reached skill level 5 in Axes
  2078 | D:2      | Reached XP level 4. HP: 39/40 MP: 1/3
  2986 | D:3      | Found a snail-covered altar of Cheibriados.
  3358 | D:4      | Noticed Eustachio
  3387 | D:4      | Gained mutation: You possess an exceptional clarity of
                  | mind. [potion of mutation]
  3391 | D:4      | Killed Eustachio
  3392 | D:4      | Reached XP level 5. HP: 10/47 MP: 2/4
  4102 | D:4      | Reached skill level 5 in Fighting
  4102 | D:4      | Reached XP level 6. HP: 49/56 MP: 5/5
  4718 | D:4      | Noticed Menkaure
  4728 | D:4      | Killed Menkaure
  4729 | D:4      | Reached XP level 7. HP: 32/62 MP: 1/6
  5360 | D:4      | Found a runed translucent door.
  5361 | D:4      | Noticed Crazy Yiuf
  5368 | D:4      | Killed Crazy Yiuf
  5457 | D:5      | Entered Level 5 of the Dungeon
  5803 | D:5      | Reached skill level 6 in Fighting
  6180 | D:5      | Reached skill level 5 in Armour
  6289 | D:5      | Reached XP level 8. HP: 61/71 MP: 5/7
  6992 | D:5      | Reached skill level 7 in Fighting
  7360 | D:5      | Found a staircase to the Ecumenical Temple.
  7396 | D:5      | Noticed Prince Ribbit
  7415 | D:5      | Killed Prince Ribbit
  7757 | D:5      | Reached **** piety under the Shining One
  7763 | D:5      | Reached skill level 10 in Axes
  8486 | D:6      | Reached XP level 9. HP: 81/81 MP: 8/8
  8513 | D:6      | Found an iron altar of Okawaru.
  8588 | D:6      | Reached skill level 8 in Fighting
  9176 | D:6      | Found Luas's General Store.
  9704 | D:6      | Found Jegaipnu's Book Emporium.
 10270 | D:6      | Bought a scroll of summoning for 123 gold pieces
 10270 | D:6      | Bought a wand of paralysis (1) for 39 gold pieces
 10270 | D:6      | Bought a potion of attraction for 39 gold pieces
 10890 | D:7      | Paralysed by a hornet for 2 turns
 10894 | D:7      | Reached skill level 9 in Fighting
 11539 | D:7      | Reached skill level 1 in Evocations
 11615 | D:7      | Reached ***** piety under the Shining One
 11667 | D:7      | Identified a scroll of acquirement
 11667 | D:7      | Acquired a +2 hat
 12551 | D:7      | Found an ancient bone altar of Kikubaaqudgha.
 12639 | D:8      | Reached XP level 10. HP: 91/91 MP: 9/9
 12841 | D:8      | Found a staircase to the Lair.
 12878 | D:8      | Paralysed by a hornet for 3 turns
 12890 | D:8      | Reached skill level 5 in Evocations
 13687 | D:8      | Noticed Erica
 13698 | D:8      | Killed Erica
 14329 | D:9      | Noticed a two-headed ogre
 14498 | D:9      | Noticed a two-headed ogre
 14806 | D:9      | Reached skill level 5 in Invocations
 14806 | D:9      | Noticed a seven-headed hydra
 14816 | D:9      | Killed a seven-headed hydra
 14851 | D:9      | Killed a two-headed ogre
 14888 | D:9      | Noticed a centaur warrior
 14895 | D:8      | Reached skill level 1 in Crossbows
 14895 | D:8      | Reached XP level 11. HP: 68/97 MP: 13/15
 15242 | D:9      | Killed a centaur warrior
 15706 | Lair:1   | Entered Level 1 of the Lair of Beasts
 16290 | D:9      | Reached skill level 5 in Crossbows
 16328 | D:9      | Identified the +0 plate armour "Sarissu" {+Blink rElec rC+}
 16357 | D:9      | Killed a two-headed ogre
 16963 | D:9      | Found a staircase to the Orcish Mines.
 17221 | D:9      | Found an ornate altar of the Wu Jian Council.
 17316 | D:10     | Entered Level 10 of the Dungeon
 17369 | D:10     | Noticed a two-headed ogre
 17377 | D:10     | Killed a two-headed ogre
 18100 | D:10     | Reached skill level 1 in Maces & Flails
 18370 | D:10     | Noticed an angel
 18371 | D:10     | Found a shimmering altar of Xom.
 18371 | D:10     | Found a glowing silver altar of Zin.
 18589 | D:10     | Noticed Maurice
 18595 | D:10     | Killed Maurice
 19088 | D:11     | Noticed a two-headed ogre
 19101 | D:11     | Killed a two-headed ogre
 19102 | D:11     | Reached skill level 5 in Maces & Flails
 19167 | D:11     | Found Luavval's Antique Weapon Boutique.
 19172 | D:11     | Bought a glowing hand crossbow for 195 gold pieces
 19326 | D:11     | Found Mumuot's Book Boutique.
 19407 | D:11     | Found a hide-covered altar of Uskayaw.
 19833 | D:12     | Reached ****** piety under the Shining One
 20322 | D:12     | Noticed a two-headed ogre
 20343 | D:12     | Killed a two-headed ogre
 20344 | D:12     | Reached skill level 10 in Fighting
 20344 | D:12     | Reached XP level 12. HP: 61/106 MP: 16/16
 20568 | D:12     | Got Jovoqi's Handbook of Creative Transmutation
 21020 | D:13     | Noticed a two-headed ogre
 21027 | D:13     | Killed a two-headed ogre
 21141 | D:13     | Reached skill level 11 in Fighting
 21186 | D:13     | Noticed a six-headed hydra
 21191 | D:13     | Killed a six-headed hydra
 21550 | D:13     | Noticed a two-headed ogre
 21566 | D:13     | Killed a two-headed ogre
 21848 | D:13     | Reached skill level 10 in Crossbows
 21854 | D:13     | Noticed a centaur warrior
 21865 | D:13     | Killed a centaur warrior
 22317 | D:8      | Reached skill level 12 in Fighting
 23157 | Lair:1   | Noticed Gastronok
 23169 | Lair:1   | Killed Gastronok
 23439 | Lair:1   | Identified the +5 quarterstaff of Atyogail {vorpal, rF+
                  | MP+9 Str+4 Int+2}
 23654 | Lair:1   | Noticed an eight-headed hydra
 23663 | Lair:1   | Killed an eight-headed hydra
 23875 | Lair:2   | Reached XP level 13. HP: 108/119 MP: 17/17
 23987 | Lair:2   | Found a staircase to the Snake Pit.
 24891 | Lair:2   | Found a hole to the Spider Nest.
 25505 | Lair:3   | Noticed Rupert
 25507 | Lair:3   | Paralysed by Rupert for 5 turns
 25519 | Lair:3   | Killed Rupert
 25737 | Lair:3   | You fall into a shaft and drop 1 floor!
 26050 | Lair:4   | Reached skill level 10 in Evocations
 27481 | Lair:4   | Reached skill level 13 in Fighting
 28076 | Lair:4   | Identified the +4 short sword "Orb Guardian's Bane" {holy,
                  | Int+4}
 29107 | Lair:3   | Reached skill level 14 in Fighting
 29122 | Lair:3   | Reached XP level 14. HP: 85/132 MP: 18/18
 30391 | Lair:5   | Found a staircase to the Slime Pits.
 30408 | Lair:5   | Noticed Nessos
 30425 | Lair:5   | Killed Nessos
 30650 | Lair:5   | Reached skill level 15 in Fighting
 31358 | Lair:5   | Reached skill level 16 in Fighting
 32852 | Lair:6   | Entered Level 6 of the Lair of Beasts
 32967 | Lair:6   | Noticed Sonja
 32972 | Lair:6   | Reached skill level 17 in Fighting
 32974 | Lair:6   | Killed Sonja
 33378 | Lair:6   | Reached skill level 18 in Fighting
 34873 | Lair:6   | Reached skill level 19 in Fighting
 35030 | Lair:6   | Reached XP level 15. HP: 149/152 MP: 19/19
 35418 | Lair:6   | Found a large runed translucent door.
 35422 | Lair:6   | Found a large runed translucent door.
 35743 | Orc:1    | Entered Level 1 of the Orcish Mines
 36046 | Orc:1    | Noticed an orc warlord
 36062 | Orc:1    | Killed an orc warlord
 36063 | Orc:1    | Paralysed by an orc sorcerer for 7 turns
 36814 | Orc:2    | Entered Level 2 of the Orcish Mines
 38481 | Orc:2    | Paralysed by an ogre mage for 3 turns
 38518 | Orc:2    | Reached skill level 15 in Axes
 39020 | Orc:2    | Found Xyatot's Jewellery Shoppe.
 39020 | Orc:2    | Found Enitick's General Store.
 39021 | Orc:2    | Found Lydi's Magic Scroll Shop.
 39021 | Orc:2    | Found Wahupt's Assorted Antiques.
 39532 | Orc:2    | Found a staircase to the Elven Halls.
 39989 | Orc:2    | Bought a scroll labelled MAILUS DE PEF for 25 gold pieces
 40001 | Orc:2    | Bought a scroll of enchant weapon for 105 gold pieces
 40001 | Orc:2    | Bought a scroll of blinking for 105 gold pieces
 40001 | Orc:2    | Bought a scroll of magic mapping for 49 gold pieces
 40001 | Orc:2    | Bought a scroll of silence for 105 gold pieces
 40002 | Orc:2    | Bought a ring of protection from fire for 350 gold pieces
 40003 | Orc:2    | Bought a potion of curing for 48 gold pieces
 40004 | Orc:2    | Bought a potion of heal wounds for 125 gold pieces
 40004 | Orc:2    | Bought a wand of mindburst (10) for 100 gold pieces
 40004 | Orc:2    | Bought a potion of berserk rage for 125 gold pieces
 40004 | Orc:2    | Bought a wand of charming (6) for 50 gold pieces
 40004 | Orc:2    | Bought a wand of flame (2) for 25 gold pieces
 40133 | Orc:2    | Bought a ring of willpower for 350 gold pieces
 40978 | D:13     | Found a gate to the Vaults.
 41567 | D:13     | Found an ancient bone altar of Kikubaaqudgha.
 42063 | D:14     | Found a portal to a secret trove of treasure.
 42117 | D:14     | Found a frozen archway.
 42146 | IceCv    | Entered an ice cave
 42957 | D:14     | Cast into level 2 of the Abyss (a wizard)
 42957 | Abyss:2  | Found a corrupted altar of Lugonu.
 43176 | Abyss:3  | Noticed a tentacled starspawn
 43180 | Abyss:3  | Noticed a lich
 43185 | Abyss:3  | Killed a lich
 43210 | Abyss:3  | Killed a tentacled starspawn
 43216 | Abyss:3  | Slain by a large abomination

Illustrated notes

Levels and vault maps discovered:
D:1:      minmay_arrival_doors, layout_basic,
          hellmonk_ecumenical_altar_inner_sanctum
D:2:      layout_loops_ring
D:3:      layout_rooms, mainiacjoe_overflow_24_doors, minmay_misc_feat_iff
D:4:      layout_loops_ring, uniq_eustachio, uniq_crazy_yiuf_cottage,
          uniq_menkaure
D:5:      layout_loops_corners, temple_statues, kennysheep_small_circle,
          uniq_prince_ribbit1
D:6:      layout_loops_ring, mainiacjoe_overflow_tiny_flanked, serial_shops,
          nicolae_take_the_stairs, nicolae_inconvenience_store
D:7:      layout_loops_cross, lemuel_coloured_pillars_altar
D:8:      layout_loops_cross, erik_lair_orcish_takeover,
          nicolae_underground_beach, uniq_erica
D:9:      cheibrodos_ideogram_h, layout_rooms, nzn_wu_jian_contemplation,
          orc_0_dummy
D:10:     layout_long_grid, grunt_temple_overflow_order_and_chaos_1,
          chequers_serial_rivers_micro_b, uniq_maurice
D:11:     layout_gridville, serial_shops, nicolae_shop_statue_plus,
          nicolae_shop_hallway_plus, nicolae_uskayaw_dance_hall
D:12:     layout_long_grid, serial_undead, serial_undead_d, serial_undead_c,
          serial_undead_d, serial_undead_e, serial_undead_b
D:13:     hellmonk_warped_wall, layout_basic, erik_vaults_1,
          serial_corexii_hall, corexii_hall_statues_s, corexii_hall_statues_l,
          lemuel_zombie_altar_kikubaaqudgha
D:14:     layout_loops_ring, hangedman_decor_lopped, enter_trove_2,
          portal_ice_cave_entry_pillars_three
Lair:1:   beast_lair_carwin_large_4, layout_big_grid, grunt_megastairs_2,
          uniq_gastronok
Lair:2:   layout_concentric_octagons, guppyfry_snake_entry_island,
          spider_nest_entry_web_field, st_stairs_7, infiniplex_staircase_pool,
          grunt_megastairs_4
Lair:3:   layout_misc_corridors, uniq_rupert
Lair:4:   regret_index_tunnel_blossom, layout_loops_ring
Lair:5:   layout_cave_pods, nicolae_slime_entry_slimehenge,
          serial_bayou_shore_b, infiniplex_staircase_pool_2, grunt_megastairs_5,
          uniq_nessos
Lair:6:   cheibrodos_lair_end_hotspot, layout_gridlike, gauntlet_entry_generic,
          small_statue_intersection, uniq_sonja
Orc:1:    layout_caves, basic_altar, elf_legates, uniq_urug
Orc:2:    st_orc_ogre_mass, layout_diamond_mine
Abyss:3:  base: D:2, patterned_corridor, patterned_corridor

Skill      XL: |  1  2  3  4  5  6  7  8  9 10 11 12 13 14 15 |
---------------+----------------------------------------------+-----
Axes           | 4 5 6 7 8 10 12 16 | 16.7
Armour         | 1 2 3 4 5 6 8 9 |  9.0
Fighting       | 4 5 6 7 9 10 12 14 19 | 19.3
Evocations     | 3 5 7 11 | 11.0
Invocations    | 7 |  7.5
Crossbows      | 1 8 11 | 11.6
Maces & Flails | 5 |  5.4
Dodging        | |  3.2
Stealth        | |  1.5

Action                   |  1- 3 |  4- 6 |  7- 9 | 10-12 | 13-15 || total
-------------------------+-------+-------+-------+-------+-------++-------
Melee: Hand axe          |   104 |   100 |   275 |   278 |   409 ||  1166
       Headbutt          |    14 |    23 |    84 |   100 |   235 ||   456
       Punch             |     1 |     1 |     6 |     5 |    13 ||    26
       Hand crossbow     |       |       |       |     1 |       ||     1
       Broad axe         |       |       |       |       |   220 ||   220
 Fire: Hand crossbow     |       |       |       |   218 |   633 ||   851
       Arbalest          |       |       |       |    68 |       ||    68
Throw: Stone             |    34 |    20 |    17 |       |       ||    71
       Throwing net      |       |       |     2 |       |       ||     2
       Boomerang         |       |       |       |     2 |    54 ||    56
Invok: Cleansing Flame   |       |       |       |     2 |    11 ||    13
       Summon Divine War |       |       |       |     2 |    11 ||    13
Evoke: Wand              |       |       |    22 |    30 |    33 ||    85
       Box of beasts     |       |       |       |       |     6 ||     6
       Piece from Xom's  |       |       |       |       |     3 ||     3
  Use: Potion            |       |     2 |     5 |     3 |    13 ||    23
       Scroll            |       |       |    18 |    17 |    11 ||    46
Armor: Scale mail        |    38 |    36 |    29 |       |       ||   103
       Chain mail        |       |       |    95 |    30 |       ||   125
       Plate armour      |       |       |       |   392 |   828 ||  1220
Dodge: Dodged            |    50 |    58 |    93 |   202 |   377 ||   780

Table legend: (Time is in decaauts)
 A = Elapsed time spent in this place.
 B = Non-inter-level travel time spent in this place.
 C = Inter-level travel time spent in this place.
 D = Time resting spent in this place.
 E = Time spent auto-exploring this place.
 F = Levels seen in this place.
 G = Mean time per level.
                   A        B        C        D        E       F      G
               +--------+--------+--------+--------+--------+-----+--------+
         Total |  42965 |  41173 |   1792 |  20168 |  14839 |  25 | 1718.6 |
       Dungeon |  24874 |  23702 |   1172 |  12271 |   8313 |  14 | 1776.7 |
          Lair |  12795 |  12521 |    274 |   5778 |   4705 |   6 | 2132.5 |
  Orcish Mines |   4324 |   3979 |    345 |   1728 |   1482 |   2 | 2162.0 |
         Abyss |    245 |    245 |      0 |      0 |     86 |   2 |  122.5 |
      Ice Cave |    726 |    726 |      0 |    389 |    253 |   1 |  726.0 |
               +--------+--------+--------+--------+--------+-----+--------+

Top non-repeatable levels by time:
  Lair:4: 3966 daAuts
     D:8: 3825 daAuts
    D:13: 2953 daAuts
     D:6: 2943 daAuts
   Orc:2: 2863 daAuts
     D:5: 2669 daAuts
  Lair:6: 2650 daAuts
  Lair:5: 2458 daAuts
     D:4: 2418 daAuts
    D:10: 1569 daAuts
   Orc:1: 1461 daAuts
     D:1: 1409 daAuts
     D:9: 1356 daAuts
  Lair:2: 1320 daAuts
     D:7: 1272 daAuts
